 Dungeon Crawl Stone Soup version 0.20-a0-465-g6513c8f (webtiles) character file.

74 M4edhros the Sneak (level 4, -1/28 HPs)
             Began as an Octopode Artificer on Jan 12, 2017.
             Slain by a worker ant (5 damage)
             ... on level 4 of the Dungeon.
             The game lasted 00:01:06 (1312 turns).

M4edhros the Sneak (Octopode Artificer)             Turns: 1312, Time: 00:01:07

Health: -1/28      AC:  1    Str: 11    XL:     4   Next: 30%
Magic:  6/6        EV: 13    Int: 13    God:
Gold:   65         SH:  0    Dex: 13    Spells: 3/3 levels left

rFire  . . .     SeeInvis .     a - +0 short sword
rCold  . . .     Gourm    .     (no shield)
rNeg   . . .     Faith    .     (helmet restricted)
rPois  +         Spirit   .     (no amulet)
rElec  .         Reflect  .     i - ring of poison resistance
rCorr  .         Harm     .     (no ring)
MR     .....                    (no ring)
Stlth  ++++......               (no ring)
                                (no ring)
                                (no ring)
                                (no ring)
                                (no ring)

@: lethally poisoned (-1 -> -15)
A: almost no armour, stealthy swim, amphibious, 8 rings, constrict 8, camouflage
1, blink, gelatinous body 1
a: Blink


You were on level 4 of the Dungeon.
You were very hungry.

You visited 1 branch of the dungeon, and saw 4 of its levels.

You collected 65 gold pieces.

Inventory:

Hand Weapons
 a - a +0 short sword (weapon)
Missiles
 k - 41 stones (quivered)
 l - 6 curare-tipped needles
 o - 14 sling bullets
Jewellery
 i - a ring of poison resistance (left tentacle)
Wands
 b - a wand of flame (11/48)
 c - a wand of enslavement (15/24)
 d - a wand of random effects (15/48)
Scrolls
 j - a scroll of random uselessness {unknown}
 m - a scroll of recharging {unknown}
 p - a scroll of remove curse {unknown}
 q - a scroll of magic mapping {unknown}
Potions
 h - a potion of lignification {unknown}
 n - a potion of might {unknown}
Comestibles
 f - 2 bread rations
 g - 2 meat rations


   Skills:
 - Level 1.0 Fighting
 - Level 1.0 Short Blades
 - Level 2.0 Dodging
 + Level 5.8 Stealth
 - Level 3.2 Evocations


You had 3 spell levels left.
You didn't know any spells.

Dungeon Overview and Level Annotations

Branches:
Dungeon (4/15)
 Temple: D:4-7

Altars:


Innate Abilities, Weirdness & Mutations

You cannot wear most types of armour.
You are very stealthy in the water. (Stealth+)
You are amphibious.
You can wear up to eight rings at the same time.
You can use your tentacles to constrict eight enemies at once.
Your skin changes colour to match your surroundings (Stealth+).
Your rubbery body absorbs attacks. (AC +1, EV +1)
You can translocate small distances at will.


Message History

You are more poisoned.
The worker ant poisons you!
You are too injured to fight recklessly!
Evoke which item? (* to show all) (? for menu, Esc to quit)
Aiming: Throw Flame
Press: ? - help, Shift-Dir - straight line, f - worker ant
Aim: a worker ant (constricted by you)
The puff of flame hits the worker ant.
The worker ant is moderately wounded.
This wand has 11 charges left.
You constrict the worker ant, but do no damage.
* * * LOW HITPOINT WARNING * * *
You feel sick. The worker ant bites you.
* * * LOW HITPOINT WARNING * * *
It was a potion of beneficial mutation.
You feel jittery.
You feel fantastic!
You constrict the worker ant.
* * * LOW HITPOINT WARNING * * *
You feel sick. The worker ant bites you.
You die...

.. ## .... # .# .#.....
#... .#..<..
####.#.#.#.....
......[..........# ...#
#..........!. ...#
#...a....... #.
#..##.##@....... .%.
#.#.....#.....# #.#
#..........l...
#..##....).#.......
#####........#.........
.........$....###......
#..#........[# #.....
.............# .##..
###$........# .# ..


You could see a worker ant and a leopard gecko (sleeping).

Vanquished Creatures
  An orc priest (D:3)
  2 adders (D:2)
  A worm (D:2)
  4 orcs
  3 goblins
  3 hobgoblins (D:2)
  2 frilled lizards (D:2)
  6 kobolds
  A rat (D:2)
23 creatures vanquished.

Notes
Turn   | Place    | Note
-------+----------+-------------------------------------------
     0 | D:1      | M4edhros the Octopode Artificer began the quest for the Orb.
     0 | D:1      | Reached XP level 1. HP: 13/13 MP: 3/3
   157 | D:1      | Reached skill level 2 in Stealth
   202 | D:1      | Reached XP level 2. HP: 15/18 MP: 4/4
   281 | D:1      | You fall through a shaft!
   288 | D:2      | Reached skill level 3 in Stealth
   496 | D:2      | Reached skill level 4 in Stealth
   526 | D:2      | Reached XP level 3. HP: 4/23 MP: 5/5
  1020 | D:3      | Reached skill level 5 in Stealth
  1020 | D:3      | Reached XP level 4. HP: 3/28 MP: 6/6
  1312 | D:4      | Gained mutation: You can translocate small distances at will. [potion of beneficial mutation]
  1312 | D:4      | Slain by a worker ant

Vault maps used:
D:1:      dpeg_arrival_chambers_temple_mockup, lexackson_kobold_supper
D:3:      tgw_trog, first_bread, uniq_natasha
D:4:      gammafunk_temple_overflow_elements, minmay_misc_feat_iff, st_stairs_5,
          fedhas_altar_4

Skill      XL: |  1  2  3 |
---------------+----------+-----
Stealth        | 2 4 5 |  5.8
Fighting       | |  1.0
Short Blades   | |  1.0
Dodging        | |  2.0
Evocations     | |  3.2

Action                   |  1- 3 |  4- 6 || total
-------------------------+-------+-------++-------
Melee: Short sword       |    49 |     3 ||    52
       Constrict         |    16 |     1 ||    17
       Tentacles         |    11 |       ||    11
Evoke: Wand              |     2 |     2 ||     4
  Use: Potion            |       |     1 ||     1
 Stab: Sleeping          |     2 |     1 ||     3
Armor: Skin              |     3 |       ||     3
Dodge: Dodged            |    39 |       ||    39
